[Event "Titled Tuesday Blitz January 10 Late 2023"]
[White "Vargas, Mauricio"]
[Black "Boder, Jan"]
[WhiteFideId "4404572"]
[BlackFideId "16243226"]
[WhiteElo "2035"]
[BlackElo "2294"]
[Result "0-1"]
[Round "02"]
[TimeControl "180+2"]
[Date "2023.01.10"]
[WhiteClock "0:00:24"]
[BlackClock "0:01:26"]

1. e4 e5 2. Nf3 Nc6 3. d4 exd4 4. Bc4 Nf6 5. e5 d5 6. O-O dxc4 7. exf6 Be6 8. Re1 gxf6 9. Na3 Bxa3 10. bxa3 Qd5 11. Bb2 O-O-O 12. c3 d3 13. Nd4 Nxd4 14. cxd4 Rhg8 15. f3 Rg5 16. Rf1 Rdg8 17. Rf2 h5 18. h4 Rg3 19. Bc3 Bh3 20. Qd2 Rxg2+ 21. Rxg2 Rxg2+ 22. Qxg2 Bxg2 23. Kxg2 Kd7 24. Rb1 b6 25. Rb2 a5 26. Rf2 Qd6 27. f4 Qxa3 28. Ba1 Qc1 29. Rf1 d2 30. d5 Qxf1+ 31. Kxf1 d1=Q+ 32. Kf2 Qxa1 33. a4 c3 34. d6 c2 35. dxc7 Kxc7 36. Kf3 c1=Q 37. Ke4 Qc2+ 38. Kd5 Qad1# 0-1


[Site "https://www.chess.com"]

[Event "Titled Tuesday Blitz January 10 Late 2023"]
[White "Kaminski, Victor"]
[Black "Rodrigues, Leonardo De Miranda"]
[WhiteFideId "1131630"]
[BlackFideId "2108658"]
[WhiteElo "2247"]
[BlackElo "2112"]
[Result "0-1"]
[Round "02"]
[TimeControl "180+2"]
[Date "2023.01.10"]
[WhiteClock "0:00:03"]
[BlackClock "0:00:36"]

1. e4 c5 2. Nf3 d6 3. d4 cxd4 4. Nxd4 Nf6 5. Nc3 g6 6. Be3 Bg7 7. f3 O-O 8. Bc4 Nc6 9. Qd2 Nd7 10. O-O Nb6 11. Bb3 Na5 12. Qe2 a6 13. Rad1 Bd7 14. Nd5 Nxb3 15. Nxb3 Nxd5 16. exd5 Bxb2 17. Bd4 Bxd4+ 18. Nxd4 Re8 19. h4 Qb6 20. Kh1 Rac8 21. h5 Rc5 22. hxg6 hxg6 23. c4 Kg7 24. Rb1 Rh8+ 25. Kg1 Qa7 26. Qe3 Rh5 27. Rfc1 Re5 28. Qf2 b5 29. cxb5 axb5 30. Nc6 Bxc6 31. dxc6 Qb6 32. Rxc5 Rxc5 33. c7 Qxc7 34. Qd4+ e5 35. Qe3 f6 36. Re1 b4 37. Kh2 d5 38. Kg3 e4+ 39. f4 Rc3 40. Kg4 Rxe3 41. Rxe3 d4 42. Rxe4 f5+ 43. Kg5 fxe4 44. g4 Qe7# 0-1


[Site "https://www.chess.com"]

[Event "Titled Tuesday Blitz January 10 Late 2023"]
[White "Lutz, Igor Oscar"]
[Black "Mortazavi, Ali"]
[WhiteFideId "2110806"]
[BlackFideId "401323"]
[WhiteElo "1969"]
[BlackElo "2333"]
[Result "0-1"]
[Round "02"]
[TimeControl "180+2"]
[Date "2023.01.10"]
[WhiteClock "0:01:37"]
[BlackClock "0:02:18"]

1. d4 Nf6 2. c4 g6 3. Nc3 Bg7 4. e4 O-O 5. Nf3 d6 6. Be2 Bg4 7. Be3 Nbd7 8. Ng1 e5 9. Bxg4 Nxg4 10. Qxg4 exd4 11. Bd2 dxc3 12. Bxc3 Bxc3+ 13. bxc3 Ne5 14. Qe2 Re8 15. f4 Nd7 16. O-O-O Qf6 17. Qd2 Rxe4 18. Nf3 Rxc4 19. g3 Rxc3+ 20. Kb1 Rxf3 0-1


[Site "https://www.chess.com"]

[Event "Titled Tuesday Blitz January 10 Late 2023"]
[White "Golizadeh, Asghar"]
[Black "Shapiro, Bryan"]
[WhiteFideId "12505269"]
[BlackFideId "2087740"]
[WhiteElo "2455"]
[BlackElo "1972"]
[Result "1/2-1/2"]
[Round "02"]
[TimeControl "180+2"]
[Date "2023.01.10"]
[WhiteClock "0:00:12"]
[BlackClock "0:00:12"]

1. Nf3 Nf6 2. d4 e6 3. Bg5 h6 4. Bxf6 Qxf6 5. e4 d6 6. Bd3 Nd7 7. Nbd2 e5 8. dxe5 Nxe5 9. Nxe5 dxe5 10. Nc4 Bc5 11. O-O O-O 12. Ne3 Be6 13. Nf5 Bxf5 14. exf5 Rad8 15. Qe2 Rfe8 16. Rfe1 Qb6 17. b3 f6 18. Bc4+ Kh8 19. Rad1 c6 20. Kf1 Rxd1 21. Rxd1 Rd8 22. Rxd8+ Qxd8 23. Qh5 b5 24. Be6 a5 25. h4 a4 26. g4 Be7 27. Ke2 a3 28. Qf7 Bb4 29. Bd7 Bc3 30. Kd3 b4 31. Kc4 Be1 32. Bxc6 Bxf2 33. Qe8+ Qxe8 34. Bxe8 Be1 35. Bf7 Bd2 36. Kd5 Be1 37. Kc5 Kh7 38. Be6 g6 39. h5 gxh5 40. gxh5 Kg7 41. Kd6 Bc3 42. Ke7 e4 43. Bc4 e3 44. Ke6 Bd2 45. Be2 Bc3 46. Ke7 Bd2 47. Ke8 Bc3 48. Kd7 Be5 49. Ke6 Kf8 50. Kd5 Ke7 51. Kc4 Bc3 52. Kb5 Kd6 53. Kc4 Ke5 54. Kd3 Kf4 55. Bd1 Bd2 56. c4 Kxf5 57. c5 Ke5 58. Bf3 Bc1 59. Ke2 Bd2 60. Bc6 Kd4 61. Be8 Kxc5 62. Bg6 Kd4 63. Kd1 Kc3 64. Bf7 Kb2 65. Bc4 Kxa2 66. Kc2 f5 67. Be2 f4 68. Bf3 Bc3 69. Be2 Be5 70. Bf3 Bf6 71. Be2 Ka1 72. Bf3 Bg5 73. Be2 Bh4 74. Bf3 Be1 75. Be2 Bc3 76. Bf3 Bd4 77. Be2 Ka2 78. Bf3 Bc3 79. Be2 Bd4 80. Bf3 Be5 81. Be2 Ka1 82. Bf3 Bd6 83. Be2 Bc5 84. Bf3 a2 85. Be2 Bd4 86. Bf3 Ba7 87. Bd1 Bd4 88. Bg4 Bc3 89. Kc1 Bf6 90. Bf3 Bg5 91. Kc2 Bh4 92. Be2 Be1 93. Bf3 Bd2 94. Be2 Bc3 95. Bf3 Be5 96. Be2 Bf6 97. Bf3 Bg5 98. Be2 Bh4 99. Bf3 Bf2 100. Be2 Be1 101. Bf3 Bd2 102. Be2 Bc3 103. Bf3 Bd2 1/2-1/2


[Site "https://www.chess.com"]

[Event "Titled Tuesday Blitz January 10 Late 2023"]
[White "Nathan, Nitish"]
[Black "Oliveira, Tiago Batista"]
[WhiteFideId "30927870"]
[BlackFideId "2108291"]
[WhiteElo "2071"]
[BlackElo "1991"]
[Result "1-0"]
[Round "02"]
[TimeControl "180+2"]
[Date "2023.01.10"]
[WhiteClock "0:01:30"]
[BlackClock "0:00:01"]

1. d4 Nf6 2. g3 g6 3. Bg2 Bg7 4. e4 d6 5. Ne2 O-O 6. O-O e5 7. c3 Nc6 8. Be3 Ng4 9. Bc1 Bd7 10. h3 Nh6 11. Be3 f5 12. dxe5 Nxe5 13. Nd2 fxe4 14. Nxe4 Nf5 15. Bg5 Qc8 16. Kh2 h6 17. Bd2 g5 18. Nd4 Nxd4 19. cxd4 Nc6 20. Bc3 Qe8 21. Re1 Qf7 22. d5 Ne5 23. Bxe5 Bxe5 24. Rc1 Bf5 25. Qe2 Rae8 26. Qd3 Bxe4 27. Rxe4 Qxf2 28. Rf1 Qb6 29. Rxe5 dxe5 30. Rc1 Qf6 31. Rxc7 Rf7 32. d6 Rd8 33. Qc4 Rxd6 34. Rxb7 Kg7 35. Rb3 Rd2 36. Qe4 1-0


[Site "https://www.chess.com"]

[Event "Titled Tuesday Blitz January 10 Late 2023"]
[White "Nogerbek, Kazybek"]
[Black "Nakamura, Hikaru"]
[WhiteFideId "13710427"]
[BlackFideId "2016192"]
[WhiteElo "2474"]
[BlackElo "2775"]
[Result "0-1"]
[Round "03"]
[TimeControl "180+2"]
[Date "2023.01.10"]
[WhiteClock "0:00:16"]
[BlackClock "0:00:27"]

1. d4 f5 2. e4 fxe4 3. Nc3 Nf6 4. Bg5 Nc6 5. d5 Ne5 6. Qe2 Nf7 7. Bxf6 exf6 8. Nxe4 Be7 9. d6 cxd6 10. O-O-O O-O 11. Nf3 b6 12. Nd4 Bb7 13. Nf5 d5 14. Nc3 Re8 15. Nxd5 Bf8 16. Qf3 Rc8 17. Kb1 Bc5 18. Bc4 Kh8 19. Bb3 Re5 20. Nfe3 Bxe3 21. fxe3 Ng5 22. Qg4 Qe8 23. Nf4 Ne6 24. Qh3 Be4 25. a3 Nc5 26. Ka2 a5 27. Rd4 a4 28. Bxa4 Nxa4 29. Rxa4 Bxc2 30. Rd4 Rxe3 31. Qxd7 Bb3+ 32. Ka1 Re1+ 33. Rd1 Qxd7 34. Rdxe1 Qd2 0-1


[Site "https://www.chess.com"]

[Event "Titled Tuesday Blitz January 10 Late 2023"]
[White "Dubov, Daniil"]
[Black "Talibov, Shiroghlan"]
[WhiteFideId "24126055"]
[BlackFideId "13429078"]
[WhiteElo "2708"]
[BlackElo "2359"]
[Result "0-1"]
[Round "03"]
[TimeControl "180+2"]
[Date "2023.01.10"]
[WhiteClock "0:00:05"]
[BlackClock "0:00:21"]

1. d4 Nf6 2. Nf3 e6 3. Bg5 b6 4. e4 Be7 5. Nbd2 d5 6. e5 Nfd7 7. Bxe7 Qxe7 8. Bd3 c5 9. c3 Ba6 10. Bxa6 Nxa6 11. O-O O-O 12. Re1 Rfc8 13. g3 cxd4 14. Nxd4 Nc7 15. Re3 a6 16. a4 b5 17. a5 Nc5 18. Qe2 g6 19. h4 h5 20. Kg2 Ne8 21. Rf3 Ng7 22. Qe3 Nf5 23. Nxf5 exf5 24. Rd1 Re8 25. Nf1 Rad8 26. Rf4 Ne6 27. Rf3 Nc5 28. Qd4 Qc7 29. Re3 Rd7 30. Nh2 Ne6 31. Qb6 Qxb6 32. axb6 Rb8 33. Red3 Rxb6 34. Rxd5 Rxd5 35. Rxd5 b4 36. c4 Rc6 37. Ra5 Rxc4 38. Rxa6 Rc2 39. Nf3 Rxb2 40. Ng5 Nxg5 41. hxg5 Re2 42. Ra8+ Kg7 43. Rb8 Re4 44. f4 h4 45. Kh3 hxg3 46. Kxg3 Rc4 47. Kf3 Rc3+ 48. Kf2 b3 49. Kg2 Rc2+ 50. Kf3 Rb2 51. Kg3 Rb1 52. Kg2 b2 53. Kh2 Rf1 54. Rxb2 Rxf4 55. Rb7 Re4 56. Rb5 Rg4 57. Rb7 Kf8 58. Kh3 Rxg5 59. Rb8+ Ke7 60. Rb6 Rg4 61. Ra6 Re4 62. Kg3 Rxe5 63. Kf4 Re6 64. Ra8 Kf6 65. Ra5 g5+ 66. Kf3 g4+ 67. Kf4 Re4+ 68. Kg3 Kg5 69. Ra8 Re3+ 70. Kf2 Rb3 71. Rf8 Kf4 72. Rxf7 Rb2+ 73. Kf1 g3 74. Rf8 Kg4 75. Kg1 f4 76. Ra8 Kf3 77. Ra3+ Kg4 78. Ra4 Kh3 79. Ra1 f3 80. Rc1 f2+ 81. Kh1 g2# 0-1


[Site "https://www.chess.com"]

[Event "Titled Tuesday Blitz January 10 Late 2023"]
[White "Maksimovic, Bojan"]
[Black "Fedoseev, Vladimir"]
[WhiteFideId "14408120"]
[BlackFideId "24130737"]
[WhiteElo "2486"]
[BlackElo "2680"]
[Result "0-1"]
[Round "03"]
[TimeControl "180+2"]
[Date "2023.01.10"]
[WhiteClock "0:00:03"]
[BlackClock "0:00:08"]

1. g3 g6 2. Bg2 Bg7 3. d3 Nf6 4. Bd2 O-O 5. Qc1 Re8 6. Bh6 Bh8 7. h4 d5 8. h5 c5 9. hxg6 fxg6 10. Nc3 Nc6 11. Qg5 e5 12. e4 Nb4 13. Qd2 d4 14. Nce2 Qa5 15. c3 Nc6 16. cxd4 Qxd2+ 17. Bxd2 exd4 18. Rc1 Ne5 19. Nf4 g5 20. Ke2 gxf4 21. gxf4 Ned7 22. e5 Nxe5 23. fxe5 Rxe5+ 24. Kf1 Bf5 25. Nf3 Bxd3+ 26. Kg1 Rf5 27. Nh4 Rh5 28. Bf3 Re5 29. Bf4 Re7 30. Rxc5 Be4 31. Rg5+ Rg7 32. Rxg7+ Bxg7 33. Bxe4 Nxe4 34. f3 Rf8 35. Bh2 Nc5 36. Kf2 Nd3+ 37. Ke2 Nxb2 38. Rg1 d3+ 39. Kd2 Kh8 40. Rxg7 Nc4+ 41. Kxd3 Kxg7 42. Kxc4 Kh6 43. f4 Kh5 44. Nf3 Kg4 45. Ne5+ Kh3 46. Bg1 Rxf4+ 47. Kd5 b6 48. Bd4 h5 49. Nc6 h4 50. Nxa7 Kg2 51. Bxb6 h3 52. Bc7 Rf7 53. Nb5 Rxc7 54. Nxc7 h2 55. a4 h1=Q 56. Kc5 Kf2 57. Nd5 Qc1+ 58. Kb5 Qb2+ 59. Nb4 Ke3 60. a5 Kd4 61. a6 Kc3 62. a7 Qxb4+ 63. Ka6 Qe4 0-1


[Site "https://www.chess.com"]

[Event "Titled Tuesday Blitz January 10 Late 2023"]
[White "Naroditsky, Daniel"]
[Black "Makridis, Dimitrios"]
[WhiteFideId "2026961"]
[BlackFideId "25864475"]
[WhiteElo "2618"]
[BlackElo "2356"]
[Result "1/2-1/2"]
[Round "03"]
[TimeControl "180+2"]
[Date "2023.01.10"]
[WhiteClock "0:00:13"]
[BlackClock "0:00:34"]

1. e4 c5 2. Nf3 Nf6 3. e5 Nd5 4. Nc3 e6 5. Ne4 f5 6. Nc3 Nb4 7. g3 d5 8. exd6 Bxd6 9. Bg2 O-O 10. O-O e5 11. d3 N8c6 12. a3 Na6 13. Re1 Nc7 14. Nd2 Be6 15. Nc4 Bxc4 16. dxc4 e4 17. f3 Kh8 18. fxe4 f4 19. gxf4 Bxf4 20. Qxd8 Raxd8 21. Bxf4 Rxf4 22. Nd5 Rf7 23. Rf1 Rxf1+ 24. Rxf1 Ne6 25. c3 Kg8 26. h4 h6 27. Bh3 Re8 28. Bf5 Ne5 29. b3 b6 30. Rd1 Nf3+ 31. Kf2 Nxh4 32. Kg3 Nxf5+ 33. exf5 Ng5 34. Nf4 Re3+ 35. Kg4 Rxc3 36. Rd8+ Kf7 37. Rd7+ Kg8 38. Rd8+ Kf7 39. Ng6 Nh7 40. Rh8 Nf6+ 41. Kf4 Nh5+ 42. Kg4 Nf6+ 43. Kf4 Nh5+ 44. Kg4 Nf6+ 1/2-1/2


[Site "https://www.chess.com"]

[Event "Titled Tuesday Blitz January 10 Late 2023"]
[White "Vachier-Lagrave, Maxime"]
[Black "Borges Feria, Yasel"]
[WhiteFideId "623539"]
[BlackFideId "3504921"]
[WhiteElo "2742"]
[BlackElo "2439"]
[Result "0-1"]
[Round "03"]
[TimeControl "180+2"]
[Date "2023.01.10"]
[WhiteClock "0:00:10"]
[BlackClock "0:00:26"]

1. d4 Nf6 2. c4 e6 3. Nc3 Bb4 4. Nf3 b6 5. g3 Bb7 6. Bg2 Bxc3+ 7. bxc3 O-O 8. O-O d6 9. Re1 Re8 10. a4 a5 11. c5 Nbd7 12. cxd6 cxd6 13. Ba3 Qc7 14. Rc1 Rac8 15. c4 h6 16. e3 e5 17. Nh4 Bxg2 18. Kxg2 g6 19. Nf3 Nf8 20. Qb3 Ne4 21. Qb1 Qc6 22. Qb5 Qb7 23. Qd5 Qc6 24. dxe5 dxe5 25. Bb2 Qxd5 26. cxd5 f6 27. Rc6 Rxc6 28. dxc6 Rc8 29. Rc1 Ne6 30. Ba3 N4c5 31. Nd2 Rxc6 32. Ne4 Kf7 33. Nc3 Nd3 34. Rb1 Rxc3 35. Bd6 Rc6 36. Bb8 Nb4 0-1


[Site "https://www.chess.com"]

[Event "Titled Tuesday Blitz January 10 Late 2023"]
[White "Andreikin, Dmitry"]
[Black "Nasuta, Grzegorz"]
[WhiteFideId "4158814"]
[BlackFideId "1141686"]
[WhiteElo "2729"]
[BlackElo "2552"]
[Result "1-0"]
[Round "03"]
[TimeControl "180+2"]
[Date "2023.01.10"]
[WhiteClock "0:02:02"]
[BlackClock "0:01:04"]

1. d4 d5 2. c4 c6 3. Nf3 Nf6 4. Qc2 dxc4 5. e4 b5 6. b3 cxb3 7. axb3 g6 8. Bf4 Bb7 9. Bd3 Bg7 10. O-O O-O 11. Nc3 a5 12. h4 Na6 13. e5 Nd5 14. Nxd5 Qxd5 15. Be4 Nb4 16. Qb1 Qd7 17. h5 Qg4 18. g3 Qxh5 19. Kg2 Qg4 20. Rh1 h5 21. Ng5 Nd5 22. Bxd5 cxd5 23. Rh4 Qc8 24. Rxh5 Qc3 25. Rh8+ 1-0


[Site "https://www.chess.com"]

[Event "Titled Tuesday Blitz January 10 Late 2023"]
[White "Karacsonyi, Gellert"]
[Black "Sevian, Samuel"]
[WhiteFideId "764620"]
[BlackFideId "2040506"]
[WhiteElo "2385"]
[BlackElo "2684"]
[Result "0-1"]
[Round "03"]
[TimeControl "180+2"]
[Date "2023.01.10"]
[WhiteClock "0:00:17"]
[BlackClock "0:01:12"]

1. e4 e5 2. Nf3 Nc6 3. Bb5 Nf6 4. O-O a6 5. Bxc6 dxc6 6. Nxe5 Nxe4 7. Re1 Qd4 8. Qf3 f5 9. Nc3 Qxe5 10. d4 Qa5 11. Bg5 Bb4 12. a3 Bxc3 13. Rxe4+ fxe4 14. Qxe4+ Kf7 0-1


[Site "https://www.chess.com"]

[Event "Titled Tuesday Blitz January 10 Late 2023"]
[White "Theodorou, Nikolas"]
[Black "Tanenbaum, Zachary"]
[WhiteFideId "4262875"]
[BlackFideId "2060850"]
[WhiteElo "2591"]
[BlackElo "2261"]
[Result "1-0"]
[Round "03"]
[TimeControl "180+2"]
[Date "2023.01.10"]
[WhiteClock "0:00:47"]
[BlackClock "0:00:08"]

1. e4 e5 2. d4 exd4 3. c3 dxc3 4. Bc4 cxb2 5. Bxb2 d5 6. Bxd5 Nf6 7. Bxf7+ Kxf7 8. Qxd8 Bb4+ 9. Qd2 Bxd2+ 10. Nxd2 Re8 11. f3 c5 12. Ne2 Nc6 13. Nf4 b6 14. Nc4 Rd8 15. Rd1 Rxd1+ 16. Kxd1 Be6 17. Nd6+ Ke7 18. e5 Nd5 19. Nxd5+ Bxd5 20. a3 Ke6 21. Re1 Rd8 22. Kc1 Na5 23. f4 Bxg2 24. f5+ Kd7 25. Rg1 Bd5 26. Rxg7+ Kc6 27. f6 Nc4 28. Nxc4 Bxc4 29. Rxa7 b5 30. Rxh7 b4 31. axb4 cxb4 32. Rh4 Kb5 33. Rxc4 Kxc4 34. e6 Kd3 35. e7 Rg8 36. Be5 b3 37. f7 1-0


[Site "https://www.chess.com"]

[Event "Titled Tuesday Blitz January 10 Late 2023"]
[White "Bortnyk, Olexandr"]
[Black "Atakishiyev, Elmar"]
[WhiteFideId "14120828"]
[BlackFideId "13410547"]
[WhiteElo "2605"]
[BlackElo "2363"]
[Result "1-0"]
[Round "03"]
[TimeControl "180+2"]
[Date "2023.01.10"]
[WhiteClock "0:02:06"]
[BlackClock "0:01:19"]

1. e4 e6 2. d4 d5 3. Nc3 Nf6 4. Bg5 Bb4 5. e5 h6 6. Bc1 Ne4 7. Qg4 g6 8. a3 Bxc3+ 9. bxc3 c5 10. Ne2 h5 11. Qf4 Nc6 12. f3 Nxc3 13. Nxc3 Nxd4 14. Bd3 h4 15. O-O h3 16. g3 b6 17. Be3 Nf5 18. Bxf5 gxf5 19. Nb5 d4 20. Nd6+ Kf8 21. Qg5 Ba6 22. Qxd8+ Rxd8 23. Bg5 Rxd6 24. exd6 Bxf1 25. d7 Kg7 26. d8=Q Rxd8 27. Bxd8 Bg2 28. Kf2 1-0


[Site "https://www.chess.com"]

[Event "Titled Tuesday Blitz January 10 Late 2023"]
[White "Riehle, Marco"]
[Black "Chigaev, Maksim"]
[WhiteFideId "12904392"]
[BlackFideId "4108116"]
[WhiteElo "2368"]
[BlackElo "2628"]
[Result "1/2-1/2"]
[Round "03"]
[TimeControl "180+2"]
[Date "2023.01.10"]
[WhiteClock "0:01:04"]
[BlackClock "0:00:07"]

1. e4 c5 2. a3 d5 3. exd5 Nf6 4. Nf3 Nxd5 5. c4 Nf6 6. d4 cxd4 7. Qxd4 Qxd4 8. Nxd4 a6 9. Be2 e5 10. Nb3 Nc6 11. Be3 Be6 12. Nc3 Rd8 13. Bb6 Rd7 14. Rd1 Rxd1+ 15. Kxd1 Be7 16. Kc2 Nd7 17. Be3 f5 18. f3 Kf7 19. Rd1 Rc8 20. Nd5 Bf8 21. Kb1 g6 22. h3 a5 23. Nb6 Nxb6 24. Bxb6 a4 25. Na5 Nxa5 26. Bxa5 Be7 27. Bb4 Bxb4 28. axb4 Bxc4 29. Bxc4+ Rxc4 30. Rd7+ Ke6 31. Rxb7 e4 32. fxe4 fxe4 33. Rxh7 e3 34. Rh8 Ke5 35. b5 Ke4 36. b6 Rb4 37. Kc2 Rxb6 38. Re8+ Kd4 39. Rd8+ Ke4 40. Re8+ Kf4 41. Rf8+ Kg5 42. Re8 Kf4 43. Rf8+ Kg5 44. Re8 Kf4 1/2-1/2


[Site "https://www.chess.com"]

[Event "Titled Tuesday Blitz January 10 Late 2023"]
[White "Bluebaum, Matthias"]
[Black "Klukin, Kirill"]
[WhiteFideId "24651516"]
[BlackFideId "24199273"]
[WhiteElo "2669"]
[BlackElo "2390"]
[Result "1/2-1/2"]
[Round "03"]
[TimeControl "180+2"]
[Date "2023.01.10"]
[WhiteClock "0:00:07"]
[BlackClock "0:00:03"]

1. d4 d5 2. c4 e6 3. Nc3 a6 4. cxd5 exd5 5. a3 c6 6. Bf4 Bd6 7. Bxd6 Qxd6 8. e3 Nf6 9. Bd3 O-O 10. Nge2 Re8 11. Qd2 Nbd7 12. f3 Nf8 13. e4 dxe4 14. fxe4 Qd8 15. O-O Bg4 16. e5 Nd5 17. Ne4 Qb6 18. Kh1 Ne6 19. Nd6 Rf8 20. Rad1 f6 21. h3 Bxe2 22. Qxe2 Nef4 23. Rxf4 Nxf4 24. Bc4+ Kh8 25. Qg4 fxe5 26. Nf7+ Rxf7 27. Bxf7 Qxb2 28. dxe5 Qxe5 29. Qd7 h6 30. Qxb7 Rf8 31. Ba2 Qe4 32. Qb2 Nxh3 33. Bb1 Qh4 34. gxh3 Qxh3+ 35. Kg1 Qg3+ 36. Kh1 Qh3+ 37. Kg1 Qg3+ 38. Kh1 Qh3+ 1/2-1/2


[Site "https://www.chess.com"]

[Event "Titled Tuesday Blitz January 10 Late 2023"]
[White "Ruiz Castillo, Joshua Daniel"]
[Black "Paravyan, David"]
[WhiteFideId "4400704"]
[BlackFideId "4194985"]
[WhiteElo "2459"]
[BlackElo "2601"]
[Result "0-1"]
[Round "03"]
[TimeControl "180+2"]
[Date "2023.01.10"]
[WhiteClock "0:02:15"]
[BlackClock "0:02:04"]

1. b3 c5 2. Bb2 Nf6 3. e3 Nc6 4. Bb5 g6 5. Nf3 Bg7 6. O-O O-O 7. d4 cxd4 8. exd4 d5 9. Bd3 Bg4 10. a3 Ne4 11. Be2 Qb6 12. c3 Na5 13. b4 Bxf3 14. Bxf3 Nc4 15. Bc1 f5 16. Be2 Rac8 17. f3 Nxc3 18. Nxc3 Qxd4+ 19. Kh1 Qxd1 20. Rxd1 Bxc3 0-1


[Site "https://www.chess.com"]

[Event "Titled Tuesday Blitz January 10 Late 2023"]
[White "Injac, Teodora"]
[Black "Jobava, Baadur"]
[WhiteFideId "932400"]
[BlackFideId "13601520"]
[WhiteElo "2391"]
[BlackElo "2578"]
[Result "0-1"]
[Round "03"]
[TimeControl "180+2"]
[Date "2023.01.10"]
[WhiteClock "0:00:02"]
[BlackClock "0:00:31"]

1. Nf3 d5 2. g3 c6 3. Bg2 Bg4 4. O-O Nd7 5. h3 Bxf3 6. Bxf3 e6 7. d4 h5 8. c4 h4 9. g4 Bd6 10. e4 dxe4 11. Bxe4 Ngf6 12. Bg2 Qc7 13. Nc3 O-O 14. g5 Nh7 15. Qg4 Rfd8 16. g6 Nhf6 17. gxf7+ Kxf7 18. Qf3 Rh8 19. Re1 Bb4 20. Bf4 Qa5 21. Re2 Rae8 22. Ne4 Nxe4 23. Rxe4 Qf5 24. a3 Be7 25. Rae1 Bf6 26. Bd2 Qxf3 27. Bxf3 e5 28. Bg4 Rd8 29. Ba5 b6 30. Bc3 exd4 31. Be6+ Kg6 32. Rg4+ Kh6 33. Bd2+ Kh7 34. Bf5+ Kg8 35. Be6+ Kf8 36. Rg6 Ne5 37. Rg2 Nf3+ 0-1


[Site "https://www.chess.com"]

[Event "Titled Tuesday Blitz January 10 Late 2023"]
[White "Martinez Alcantara, Jose Eduardo"]
[Black "Costachi, Mihnea"]
[WhiteFideId "3805662"]
[BlackFideId "1217518"]
[WhiteElo "2619"]
[BlackElo "2476"]
[Result "1-0"]
[Round "03"]
[TimeControl "180+2"]
[Date "2023.01.10"]
[WhiteClock "0:01:11"]
[BlackClock "0:00:02"]

1. e4 e5 2. Nf3 Nf6 3. Nxe5 d6 4. Nf3 Nxe4 5. d4 d5 6. Bd3 Bd6 7. O-O O-O 8. c4 c6 9. Nc3 Nxc3 10. bxc3 dxc4 11. Bxc4 Bg4 12. h3 Bh5 13. g4 Bg6 14. Ne5 Bxe5 15. dxe5 Qa5 16. Be3 Qxc3 17. Rc1 Qxe5 18. Re1 Qf6 19. Bc5 Rc8 20. Be7 Qb2 21. h4 b5 22. Re2 Qxc1 23. Qxc1 bxc4 24. Qxc4 Nd7 25. h5 Bb1 26. Rd2 Ne5 27. Qe2 f6 28. f4 Nf7 29. Qc4 Re8 30. Rd7 Rab8 31. Bb4 Rf8 32. Bxf8 Bxa2 33. Qxa2 Rxf8 34. g5 1-0


[Site "https://www.chess.com"]

[Event "Titled Tuesday Blitz January 10 Late 2023"]
[White "Svane, Rasmus"]
[Black "Milikow, Yoav"]
[WhiteFideId "4657101"]
[BlackFideId "2822237"]
[WhiteElo "2623"]
[BlackElo "2394"]
[Result "1-0"]
[Round "03"]
[TimeControl "180+2"]
[Date "2023.01.10"]
[WhiteClock "0:00:06"]
[BlackClock "0:00:02"]

1. Nf3 d5 2. g3 c5 3. Bg2 Nc6 4. d4 e6 5. O-O Nf6 6. c4 dxc4 7. Qa4 Bd7 8. Qxc4 cxd4 9. Nxd4 Rc8 10. Nc3 Be7 11. Rd1 Qb6 12. Nxc6 Bxc6 13. Bxc6+ Rxc6 14. Qb5 O-O 15. Be3 Qxb5 16. Nxb5 Rc2 17. Nxa7 Nd5 18. Bd4 Rxe2 19. Re1 Rd2 20. Rad1 Rxd1 21. Rxd1 Ra8 22. Rc1 f6 23. Rc8+ Rxc8 24. Nxc8 Bf8 25. f4 Kf7 26. Kf2 Ke8 27. Ke2 Nb4 28. a3 Nc6 29. Be3 h5 30. Nb6 Bd6 31. b4 Ne7 32. Kd3 Nf5 33. Bf2 Nh6 34. Nc4 Bc7 35. b5 Nf7 36. a4 Kd7 37. a5 Nd6 38. a6 bxa6 39. bxa6 Kc6 40. Nxd6 Bxd6 41. Kc4 g5 42. Be3 h4 43. fxg5 hxg3 44. hxg3 fxg5 45. g4 Bf4 46. Bf2 Bd6 47. Kd3 Bf4 48. Ke4 Bd6 49. Be3 Be7 50. Ke5 Bd8 51. Kxe6 Bc7 52. Kf5 Bd8 53. Bxg5 1-0


[Site "https://www.chess.com"]

[Event "Titled Tuesday Blitz January 10 Late 2023"]
[White "Mamedyarov, Shakhriyar"]
[Black "Stoleriu, George"]
[WhiteFideId "13401319"]
[BlackFideId "1227505"]
[WhiteElo "2738"]
[BlackElo "2390"]
[Result "1-0"]
[Round "03"]
[TimeControl "180+2"]
[Date "2023.01.10"]
[WhiteClock "0:01:28"]
[BlackClock "0:01:37"]

1. d4 e6 2. c4 Nf6 3. Nc3 Bb4 4. g3 O-O 5. Bg2 d6 6. Nf3 Qe7 7. O-O Bxc3 8. bxc3 e5 9. c5 e4 10. cxd6 cxd6 11. Nd2 d5 12. a4 Qc7 13. c4 dxc4 14. Nxe4 Nxe4 15. Bxe4 Nc6 16. Bf4 Qb6 17. d5 Ne7 18. d6 Ng6 19. Bxg6 Bh3 20. Be4 Bxf1 21. Kxf1 Rfe8 22. Qc2 g6 23. Qxc4 Qd8 24. Bxb7 Rb8 25. Bc6 Re6 26. Bd5 1-0


[Site "https://www.chess.com"]

[Event "Titled Tuesday Blitz January 10 Late 2023"]
[White "Zierk, Steven"]
[Black "Martinez Ramirez, Lennis"]
[WhiteFideId "2034255"]
[BlackFideId "3509079"]
[WhiteElo "2488"]
[BlackElo "2426"]
[Result "1-0"]
[Round "03"]
[TimeControl "180+2"]
[Date "2023.01.10"]
[WhiteClock "0:00:11"]
[BlackClock "0:00:04"]

1. e4 e5 2. Nf3 Nf6 3. d4 Nxe4 4. dxe5 d5 5. Nbd2 Qd7 6. Nb3 a5 7. a4 c6 8. Bd3 Na6 9. O-O Nac5 10. Nxc5 Nxc5 11. Be2 Be7 12. Nd4 O-O 13. f4 f6 14. Nf3 Ne4 15. Be3 Bc5 16. Bxc5 Nxc5 17. c4 dxc4 18. Bxc4+ Kh8 19. Qe2 Qf5 20. Nd4 Qg4 21. Qe3 fxe5 22. Qxe5 b6 23. Rf3 Bf5 24. Rg3 Nd7 25. Qd6 Rf6 26. Rxg4 Rxd6 27. Nxf5 Rd2 28. Rxg7 Nf6 29. Rf7 Ng4 30. h3 Nf2 31. Re1 Rg8 32. Re3 Rxb2 33. Rfe7 Nxh3+ 34. Rxh3 Rgxg2+ 35. Kh1 1-0


[Site "https://www.chess.com"]

[Event "Titled Tuesday Blitz January 10 Late 2023"]
[White "Wieczorek, Oskar"]
[Black "Tari, Aryan"]
[WhiteFideId "1133950"]
[BlackFideId "1510045"]
[WhiteElo "2512"]
[BlackElo "2642"]
[Result "1-0"]
[Round "03"]
[TimeControl "180+2"]
[Date "2023.01.10"]
[WhiteClock "0:00:19"]
[BlackClock "0:00:17"]

1. e4 c6 2. d4 d5 3. Nd2 dxe4 4. Nxe4 Nf6 5. Nxf6+ exf6 6. Be2 Bd6 7. Bf3 O-O 8. Ne2 Re8 9. O-O Nd7 10. c4 Nf8 11. Nc3 Bc7 12. c5 Ng6 13. d5 cxd5 14. Bxd5 Rb8 15. Qb3 Be6 16. Bxe6 Rxe6 17. Be3 Nh4 18. Rad1 Qe8 19. Nd5 Qc6 20. Rd3 h5 21. Rfd1 Rbe8 22. Qc4 Re4 23. Rd4 Rxd4 24. Qxd4 Nf5 25. Qc4 b5 26. Qc2 Re5 27. Qxf5 Bd8 28. Qd3 Re8 29. h3 g6 30. b4 a5 31. a3 Kh7 32. Nc3 axb4 33. axb4 Bc7 34. Qd7 Qxd7 35. Rxd7 Be5 36. Nxb5 Rb8 37. Nd6 Rxb4 38. g3 h4 39. gxh4 Rxh4 40. Nxf7 1-0


[Site "https://www.chess.com"]

[Event "Titled Tuesday Blitz January 10 Late 2023"]
[White "Aravindh, Chithambaram VR."]
[Black "Levitskiy, Andrey"]
[WhiteFideId "5072786"]
[BlackFideId "14132885"]
[WhiteElo "2633"]
[BlackElo "2304"]
[Result "1-0"]
[Round "03"]
[TimeControl "180+2"]
[Date "2023.01.10"]
[WhiteClock "0:00:31"]
[BlackClock "0:00:02"]

1. b3 d5 2. Bb2 Bg4 3. Nf3 Nd7 4. g3 e6 5. Bg2 Ngf6 6. d3 Bd6 7. Nbd2 Qe7 8. h3 Bh5 9. a3 c6 10. g4 Bg6 11. Nh4 e5 12. e3 a5 13. Qe2 O-O 14. Nxg6 hxg6 15. h4 e4 16. g5 Nh5 17. dxe4 Be5 18. Bxe5 Qxe5 19. O-O dxe4 20. Nxe4 Rfe8 21. Rad1 Nc5 22. Nxc5 Qxc5 23. Rd7 Re7 24. Rfd1 Rae8 25. Bf3 Nf4 26. Qc4 Qxc4 27. bxc4 Ne6 28. Kg2 Nc5 29. Rxe7 Rxe7 30. Rd8+ Kh7 31. Ra8 a4 32. Ra5 Re5 33. Bg4 Nd3 34. Rxa4 Ne1+ 35. Kf1 Nxc2 36. Bd1 Na1 37. Rb4 Ra5 38. a4 b5 39. cxb5 cxb5 40. Rxb5 1-0


[Site "https://www.chess.com"]